 Dungeon Crawl Stone Soup version 0.31.0-1-g2c135a008e (webtiles) character file.

Game seed: 14073807753262704068

228 qw the Shooter (level 6, -3/46 HPs)
             Began as a Djinni Hunter on Jan 24, 2024.
             Slain by an orc wizard
             ... wielding a +2 dire flail of protection
              (6 damage)
             ... on level 4 of the Dungeon.
             The game lasted 00:00:09 (1906 turns).

qw the Shooter (Djinni Hunter)                      Turns: 1906, Time: 00:00:10

Health: -3/46      AC:  6    Str:  9 (10) XL:     6   Next: 23%
Gold:   121        EV: 16    Int:  8 (10) God:
                   SH:  0    Dex: 19

rFire   + + .        a - +0 shortbow
rCold   x . .        (shield currently unavailable)
rNeg    . . .        k - +0 ring mail
rPois   inf          (no helmet)
rElec   .            f - +0 cloak
rCorr   .            (no gloves)
SInv    .            (boots unavailable)
Will    .....        (no amulet)
Stlth   +            e - +5 ring of evasion
HPRegen 0.27/turn    (no ring)
MPRegen 0.00/turn

%: infuse magic (-4 HP)
@: flying
A: sickness immunity, fire resistance 2, cold vulnerability 1, float, innate
caster, HP casting, extra vitality 1
a: no special abilities


You were on level 4 of the Dungeon.
You visited 1 branch of the dungeon, and saw 4 of its levels.

You collected 231 gold pieces.
You spent 110 gold pieces at shops.


Innate Abilities, Weirdness & Mutations

You are immune to sickness and miasma.
You are immune to poison.
Your flesh is very heat resistant. (rF++)
You are vulnerable to cold. (rC-)
You float through the air rather than walking.
You learn spells naturally, not from books.
Your magical power is your life essence.
You have superior vitality. (+4 MHP)


   Skills:
 - Level 3.0 Fighting
 + Level 4.3 Ranged Weapons
 - Level 2.8 Armour
 - Level 3.5 Dodging
 - Level 0.7 Stealth


You knew the following spells:

 Your Spells              Type           Power      Damage    Failure   Level
a - Sting                 Conj/Alch      0%         1d3       75%         1
b - Jinxbite              Hex            0%         N/A       87%         2
Your spell library was empty.

Inventory:

Hand Weapons
 a - a +0 shortbow (weapon)
Armour
 f - a +0 cloak (worn)
 k - a +0 ring mail (worn)
Jewellery
 e - a +5 ring of evasion (left hand)
 l - a ring of wizardry
Potions
 c - a potion of mutation {unknown}
 d - a potion of cancellation {unknown}
 g - a potion of resistance
 h - a potion of berserk rage {unknown}
 i - a potion of curing {unknown}
 j - a potion of enlightenment

Dungeon Overview and Level Annotations

Branches:
Dungeon (4/15)
 Temple: D:4-7

Altars:
Gozag
Hepliaklqana
Uskayaw

Shops:
D:2 :!=


Message History

You shoot an arrow.
The arrow hits the orc but does no damage.
Something hits you.
You shoot an arrow. Something hits you but does no damage.
You shoot an arrow. The arrow hits the goblin.
The goblin is severely wounded.
You hear some strange, mumbled words.
A magic dart appears from out of thin air!
The magic dart hits you.
The goblin unwields a +0 club.
The goblin wields a +0 sling.
The goblin shoots a sling bullet.
The sling bullet closely misses you. Something hits you but does no damage.
You shoot an arrow. The arrow hits the goblin!
You kill the goblin!
You hear some strange, mumbled words. x2
A puff of flame appears from out of thin air!
The puff of flame misses you.
You shoot an arrow. The arrow completely misses the orc.
Something hits you but does no damage.
You shoot an arrow. Something hits you. x2
You shoot an arrow.
Reactivating autopickup.
You feel a bit more experienced. Something hits you!
Deactivating autopickup; reactivate with Ctrl-A.
You feel your dexterity returning.
1902 ||| DRINKING potion of heal wounds.
You feel much better. Something hits you!
You shoot an arrow. Something barely misses you.
You shoot an arrow. Something hits you! x2
You shoot an arrow. The arrow hits the orc.
The orc is moderately wounded.
Something hits you!
You shoot an arrow. Something hits you.
You die...

...J #...........#...<..#
.... #...................
..?.. #......###.........#
...$. ##.................#
...... #.................
......#
####......##.....#.
.....go##.##..#......##.##
............o{#......# .#
.....####....#@.........#
... ##...##.......... .
......##.........
.............#.#.#.
..............##.###
#..............
##..............
#.......>.......


You could see an orc.

Vanquished Creatures
  A black bear (D:4)
  A bombardier beetle (D:3)
  An orc wizard (D:4)
  An adder (D:2)
  A gnoll (D:1)
  3 dart slugs
  A ribbon worm (D:2)
  An orc (D:4)
  4 ball pythons
  A bat (D:1)
  2 bat zombies (D:2)
  3 endoplasms
  A giant cockroach (D:2)
  6 goblins
  5 hobgoblins
  6 jackals
  4 kobolds
  2 quokkas
  A ball python skeleton (D:2)
  4 frilled lizards
  A giant cockroach zombie (D:2)
  4 rats
54 creatures vanquished.

Notes
Turn   | Place    | Note
-------+----------+-------------------------------------------
     0 | D:1      | qw the Djinni Hunter began the quest for the Orb.
     0 | D:1      | Reached XP level 1. HP: 18/18 MP: 0/0
     0 | D:1      | 0 ||| qw: Version: 0.3-a-136-gdd3b4e8
     0 | D:1      | 0 ||| qw: Game counter: 1333
     0 | D:1      | 0 ||| qw: Melee chars always use a shield: true
     0 | D:1      | 0 ||| qw: God list: Okawaru
     0 | D:1      | 0 ||| qw: Allow faded altars: false
     0 | D:1      | 0 ||| qw: Do Orc after clearing Dungeon:15 true
     0 | D:1      | 0 ||| qw: Do second Lair branch before Depths: true
     0 | D:1      | 0 ||| qw: Lair rune preference: random
     0 | D:1      | 0 ||| qw: Goals: Normal
     0 | D:1      | 0 ||| PLANNING D:1-11
    95 | D:1      | Reached XP level 2. HP: 23/23 MP: 0/0
   223 | D:1      | Reached skill level 4 in Ranged Weapons
   223 | D:1      | Reached XP level 3. HP: 23/28 MP: 0/0
   223 | D:1      | Learned a level 1 spell: Sting
   299 | D:1      | 299 ||| RETREEEEATING.
   300 | D:1      | 300 ||| RETREEEEATING.
   301 | D:1      | 301 ||| RETREEEEATING.
   302 | D:1      | 302 ||| RETREEEEATING.
   409 | D:1      | 409 ||| UPGRADING to +0 cloak.
   414 | D:1      | 414 ||| DROPPING +6 ring of intelligence.
   415 | D:1      | 415 ||| READING scroll labelled YTOGOU DOTEPPE.
   416 | D:1      | 416 ||| READING scroll labelled VENAEDWO CAGI.
   417 | D:1      | 417 ||| DROPPING scroll of butterflies.
   513 | D:2      | Reached XP level 4. HP: 30/34 MP: 0/0
   593 | D:2      | Reached skill level 3 in Fighting
   661 | D:2      | Found Fiagheri's Distillery.
   670 | D:2      | 670 ||| BUYING 2 potions of heal wounds (110 gold).
   670 | D:2      | Bought 2 potions of heal wounds for 110 gold pieces
   670 | D:2      | 670 ||| SHOPLISTING potion of cancellation (88 gold, have
                  | 3).
   670 | D:2      | 670 ||| SHOPLISTING potion of curing (33 gold, have 3).
   670 | D:2      | 670 ||| SHOPLISTING potion of haste (110 gold, have 3).
   670 | D:2      | 670 ||| SHOPLISTING potion of might (44 gold, have 3).
   749 | D:2      | Found a faded altar of an unknown god.
   812 | D:2      | Found Jubamiji's Book Shop.
   900 | D:2      | Found Megos's Jewellery Boutique.
   908 | D:2      | 908 ||| SHOPLISTING +6 ring of strength (432 gold, have
                  | 16).
   908 | D:2      | 908 ||| SHOPLISTING amulet of regeneration (360 gold, have
                  | 16).
   908 | D:2      | 908 ||| SHOPLISTING ring of fire (300 gold, have 16).
   908 | D:2      | 908 ||| SHOPLISTING ring of positive energy (240 gold, have
                  | 16).
   929 | D:2      | 929 ||| READING scroll labelled XEADUMPUES.
   929 | D:2      | 929 ||| IDENTIFYING metallic orange potion
   930 | D:2      | 930 ||| READING scroll labelled WEC HIRAENAOLI.
   931 | D:2      | 931 ||| DRINKING 2 sapphire potions.
  1115 | D:3      | Found an opulent altar of Gozag.
  1118 | D:3      | Found a hide-covered altar of Uskayaw.
  1119 | D:3      | Noticed a +0 dagger
  1119 | D:3      | Noticed a +0 dagger
  1546 | D:3      | Found a faded altar of an unknown god.
  1546 | D:3      | Found a faded altar of an unknown god.
  1566 | D:3      | Reached skill level 3 in Dodging
  1566 | D:3      | Reached XP level 5. HP: 39/40 MP: 0/0
  1566 | D:3      | Learned a level 2 spell: Jinxbite
  1568 | D:3      | Found a hazy altar of Hepliaklqana.
  1788 | D:3      | 1788 ||| UPGRADING to +0 ring mail.
  1798 | D:3      | 1798 ||| DROPPING +0 leather armour.
  1799 | D:3      | 1799 ||| UPGRADING to +5 ring of evasion.
  1800 | D:3      | 1800 ||| READING scroll labelled VUHUDI TOTUZ.
  1805 | D:3      | 1805 ||| DRINKING 2 metallic ruby potions.
  1806 | D:3      | 1806 ||| DROPPING potion of degeneration.
  1864 | D:4      | Noticed a black bear
  1871 | D:4      | 1871 ||| RETREEEEATING.
  1883 | D:4      | 1883 ||| RETREEEEATING.
  1884 | D:4      | 1884 ||| RETREEEEATING.
  1885 | D:4      | 1885 ||| RETREEEEATING.
  1886 | D:4      | 1886 ||| RETREEEEATING.
  1887 | D:4      | 1887 ||| RETREEEEATING.
  1888 | D:4      | 1888 ||| RETREEEEATING.
  1888 | D:4      | HP: 7/40 [black bear (8)]
  1889 | D:4      | 1889 ||| DRINKING 2 potions of heal wounds.
  1892 | D:4      | Killed a black bear
  1893 | D:4      | Reached XP level 6. HP: 24/46 MP: 0/0
  1901 | D:4      | HP: 9/46 [something (9)]
  1902 | D:4      | 1902 ||| DRINKING potion of heal wounds.
  1905 | D:4      | HP: 3/46 [something (10)]
  1906 | D:4      | Slain by an orc wizard

Levels and vault maps discovered:
D:1:      eino_arrival_druids_welcome, layout_rooms, dreamdust_wishing_well
D:2:      layout_rooms, serial_shops, nicolae_shop_just_a_little_nook,
          nicolae_shop_behind_doors, nicolae_shop_peninsula, serial_undead,
          serial_undead_d, serial_undead_f, serial_undead_f, serial_undead_c,
          hellmonk_ecumenical_altar_run_dry
D:3:      layout_basic, nicolae_gozag_cash_rules_everything_around_me,
          dancing_weapons_uskayaw, nicolae_hepliaklqana_ecumenical_no_more,
          chequers_serial_rivers_micro_b
D:4:      layout_cave_pools, kennysheep_mini, lemuel_doored_altar, serial_shops,
          shop

Skill      XL: |  1  2  3  4  5 |
---------------+----------------+-----
Ranged Weapons | 4 |  4.3
Fighting       | 3 |  3.0
Dodging        | 3 |  3.5
Armour         | 2 |  2.8
Stealth        | |  0.7

Action                     |  1- 3 |  4- 6 || total
---------------------------+-------+-------++-------
   Fire: Shortbow          |    72 |   123 ||   195
    Use: Scroll            |     2 |     3 ||     5
         Potion            |       |     4 ||     4
 Armour: Leather armour    |    20 |    10 ||    30
         Ring mail         |       |    56 ||    56
  Dodge: Dodged            |    32 |    68 ||   100

Table legend:
 A = Non-vault XP
 B = Vault XP
 C = Vault XP percentage of total XP
 D = Non-vault monster count
 E = Vault monster count
 F = Vault count percentage of total count
                 A         B        C        D         E       F
            +---------+---------+-------+---------+---------+-------
      Total |     321 |       6 |   1.8 |      50 |       4 |   7.4
            +---------+---------+-------+---------+---------+-------
        D:1 |      52 |       0 |   0.0 |      19 |       0 |   0.0
        D:2 |      36 |       6 |  14.3 |      15 |       4 |  21.1
        D:3 |      61 |       0 |   0.0 |       9 |       0 |   0.0
        D:4 |     172 |       0 |   0.0 |       7 |       0 |   0.0
            +---------+---------+-------+---------+---------+-------
